 Dungeon Crawl Stone Soup version 0.17-a0-1625-g47e540b (webtiles) character file.

438 matakusis the Ducker (level 6, 0/72 HPs)
             Began as a Demonspawn Gladiator on Aug 2, 2015.
             Slain by a worm (4 damage)
             ... on level 4 of the Dungeon.
             The game lasted 00:15:25 (3356 turns).

matakusis the Ducker (Demonspawn Gladiator)         Turns: 3356, Time: 00:15:25

Health: 0/72       AC: 23    Str: 17    XL:     6   Next: 69%
Magic:  6/6        EV:  2    Int: 10    God:
Gold:   205        SH:  6    Dex: 12    Spells: 0 memorised, 5 levels left

rFire  . . .     SeeInvis .     a - +0 war axe
rCold  . . .     Clarity  .     (armour currently unavailable)
rNeg   + + +     SustAt   +     l - +3 buckler
rPois  +         Gourm    .     (helmet currently unavailable)
rElec  .         Spirit   .     (cloak currently unavailable)
rCorr  .         Warding  .     (gloves currently unavailable)
rMut   .         NoTele   +     (boots currently unavailable)
MR     +....                    (no amulet)
Stlth  +.........               v - ring of protection from magic
                                t - ring of sustain attributes

@: tree-form, somewhat resistant to hostile enchantments, very unstealthy
A: (hooves 0), rough black scales 1, powered by pain 1, rot immunity
a: no special abilities


You were on level 4 of the Dungeon.
You were not hungry.
You were a tree.
You visited 1 branch of the dungeon, and saw 4 of its levels.

You collected 205 gold pieces.

Inventory:

Hand weapons
 a - a +0 war axe (weapon)
Missiles
 d - a throwing net (quivered)
 q - 3 tomahawks
 u - 5 javelins
Armour
 b - a +0 leather armour (melded)
 c - a +0 helmet (melded)
 l - a +3 buckler (worn)
Jewellery
 t - a ring of sustain attributes (left branch)
 v - a ring of protection from magic (right branch)
Scrolls
 f - a scroll of fog
 m - a scroll of remove curse
 w - 2 scrolls of teleportation
Potions
 g - 2 potions of resistance
 o - a potion of flight
 p - a potion of haste
 r - a potion of might {unknown}
 s - a potion of invisibility {unknown}
Comestibles
 e - a bread ration
 i - 4 chunks of flesh
 j - a beef jerky


   Skills:
 + Level 3.8 Fighting
 + Level 4.1 Axes
 - Level 1.7 Throwing
 + Level 2.5 Armour
 + Level 4.3 Dodging
 + Level 0.6 Shields


You had 5 spell levels left.
You didn't know any spells.

Dungeon Overview and Level Annotations

Branches:
Dungeon (4/15)
 Temple: D:4-7

Altars:
Gozag

Annotations:
D:2 Natasha


Innate Abilities, Weirdness & Mutations

((You have large cloven feet.))
(You are partially covered in rough black scales (AC +4, Dex -1).)
You sometimes gain a little power by taking damage.
You are immune to rotting.


Message History

You hit the worm.
The worm is severely wounded.
You hit the orc.
The orc is heavily wounded.
The giant frog skeleton hits you but does no damage.
You block the orc's attack. x2
The giant frog skeleton hits you but does no damage.
Drink which item? (? for menu, Esc to quit)
Okay, then.
You closely miss the orc.
The orc is heavily wounded.
You slash the giant frog skeleton! You barely miss the worm.
The worm is severely wounded.
You hit the orc.
You kill the orc!
You hit the orc.
The orc is moderately wounded.
The giant frog skeleton barely misses you.
You block the orc's attack. The worm bites you.
You die...

.........## ##..#
.........<###.o## ##.
.......)...##o## ##...
...........#..# #.....
.............## #......
.............# .......
............####.......
...........o###w.......
#............##♣)......
##............Zoo......
#.....................
......................
......?............
....####...........
.... ####........ ..
###...... ##..#


You could see a worm, 2 orcs and a giant frog skeleton.

Vanquished Creatures
  Sigmund (D:3)
  An ogre (D:4)
  An orc priest (D:4)
  Natasha (twice) (D:2)
  7 adders
  An ooze (D:2)
  4 worms
  5 orcs
  7 bats
  4 hobgoblins
  5 kobolds
  4 giant cockroaches
  3 giant newts
  12 goblins
  13 rats
70 creatures vanquished.

Notes
Turn   | Place    | Note
--------------------------------------------------------------
     0 | D:1      | matakusis the Demonspawn Gladiator began the quest for the Orb.
     0 | D:1      | Reached XP level 1. HP: 16/16 MP: 1/1
    85 | D:1      | Reached skill level 3 in Dodging
   117 | D:1      | Gained mutation: You are partially covered in rough black scales (AC +4, Dex -1). [demonic ancestry]
   117 | D:1      | Reached XP level 2. HP: 19/22 MP: 2/2
   986 | D:2      | Gained mutation: You are immune to rotting. [demonic ancestry]
   986 | D:2      | Reached XP level 3. HP: 18/28 MP: 3/3
  1348 | D:2      | Found an opulent altar of Gozag.
  1518 | D:2      | Noticed Natasha
  1525 | D:2      | Killed Natasha
  1525 | D:2      | Reached XP level 4. HP: 19/34 MP: 4/4
  1642 | D:2      | Reached skill level 1 in Armour
  1860 | D:2      | Noticed Natasha
  1863 | D:2      | Killed Natasha
  2063 | D:2      | Noticed Natasha
  2570 | D:3      | Gained mutation: You have large cloven feet. [demonic ancestry]
  2570 | D:3      | Reached XP level 5. HP: 23/41 MP: 5/5
  2674 | D:3      | Noticed Sigmund
  2683 | D:3      | Killed Sigmund
  2683 | D:3      | Reached skill level 4 in Dodging
  2683 | D:3      | Gained mutation: You sometimes gain a little power by taking damage. [demonic ancestry]
  2683 | D:3      | Reached XP level 6. HP: 34/47 MP: 6/6
  3356 | D:4      | Slain by a worm

Vault maps used:
D:1:      saegor_arrival_simple_e
D:2:      nicolae_gozag_cash_rules_everything_around_me, minivault_14,
          uniq_natasha
D:3:      uniq_sigmund
D:4:      grunt_temple_overflow_open, minmay_temple_entry_junction,
          serial_shops, kennysheep_little_box, supply_closet_lemuel,
          lemuel_tele_altar

Action                   |  1- 3 |  4- 6 || total
-------------------------+-------+-------++-------
Melee: War axe           |   115 |   120 ||   235
Throw: Throwing net      |       |     3 ||     3
  Use: Scroll            |       |    13 ||    13
       Potion            |       |     2 ||     2
 Stab: Held in net/web   |       |     1 ||     1
  Eat: Chunk             |     2 |     6 ||     8
